AoeStats
← EL LEON

Arabian Desert

510197173Analyzed
1v1 RM · 3d ago on Sep 29, 2026· 39m 57s· 2 players
Game mode
Random Map
Map size
Tiny (2 player)
Population
200
Speed
Normal
Resources
Standard
Victory
Conquest
Starting age
Dark Age
Ending age
Imperial Age
RankedLock teamsTeams togetherTeam positionsShared explorationLock speedFull tech treeHidden civsTurbo modeCheats
Victory
Defeat
🇨🇳 Chinese · China
1085
+16
🇦🇷 Goths · Argentina
1083
-16
EL LEON
0:29 Loom
9:42 Feudal Age
10:30 Man-at-Arms
22:35 Castle Age
20:28 Stone Mining
23:32 Gold Mining
23:23 Horse Collar
23:29 Double-Bit Axe
24:39 Heavy Plow
24:50 Bow Saw
25:19 Wheelbarrow
24:13 Pikeman
27:17 Town Watch
40:08 Scale Mail Armor
没钱买DLC
0:28 Loom
9:40 Feudal Age
10:21 Double-Bit Axe
10:41 Horse Collar
22:09 Castle Age
22:07 Fletching
23:34 Bow Saw
24:14 Bodkin Arrow
24:27 Scale Barding Armor
24:48 Bodkin Arrow
24:34 Crossbowman
26:35 Wheelbarrow
27:59 Chain Barding Armor
28:52 Forging
30:07 Ballistics
31:48 Stone Mining
38:58 Imperial Age
36:15 Town Watch
37:16 Thumb Ring
37:43 Padded Archer Armor
38:12 Bloodlines
38:39 Iron Casting
38:53 Husbandry
38:53 Gold Mining
40:01 Bracer
41:03 Chemistry
39:32 Cavalier
Connection lost

Rejoining the realm…

Still unreachable

The connection could not be restored.

Session expired

The server has moved on; the page needs a fresh start.